Get step-by-step instructions on how to execute this build order below. Start the game timer, and the build order will tick by so you can play in parallel with StarCraft on a second screen or mobile device.

Game Time

  0:00

Last Step

  N/A

Next Step

Upcoming Step



Don't want to look back and forth between 2 screens? Try out our Overwolf App, the Spawning Tool Build Advisor to get an in-game overlay with this build!

Complete Build Order

  12  0:01  Drone  
  13  0:10  Drone  
  14  0:19  Overlord  
  14  0:37  Drone x2  
  16  0:49  Drone  
  17  0:58  Drone  
  18  1:06  Drone  
  18  1:10  Drone